TOP OF THE 1ST |
Chula Vista Tacos batting - Pitching for Saskatoon Smokin' Guns : RHP Arthur Kemp
|
Pitching: RHP Arthur Kemp
|
|
Batting: RHB Matt O'Rourke
|
0-0: Ball 1-0: Called Strike 1-1: Ground out 6-3 (Groundball, 6M)
|
Batting: RHB Ron Garrett
|
0-0: Ball 1-0: Fly out, F9 (Flyball, 9S)
|
Batting: RHB Jake Reeves
|
0-0: Ball 1-0: Called Strike 1-1: Ball 2-1: Foul Ball, location: 2F 2-2: Ball 3-2: Strikes out looking
|
Top of the 1st over - 0 run(s), 0 hit(s), 0 error(s), 0 left on base; Chula Vista 0 - Saskatoon 0 |
BOTTOM OF THE 1ST |
Saskatoon Smokin' Guns batting - Pitching for Chula Vista Tacos : RHP Tony Fullerton
|
Pitching: RHP Tony Fullerton
|
|
Batting: RHB Pedro Cabrera
|
0-0: Fly out, F9 (Flyball, 9)
|
Batting: RHB Julián García
|
0-0: Ball 1-0: Ball 2-0: Ball 3-0: Called Strike 3-1: Fly out, F9 (Flyball, 9)
|
Batting: LHB Bo Rush
|
0-0: Called Strike 0-1: Swinging Strike 0-2: Ball 1-2: Foul Ball, location: 2F 1-2: Foul Ball, location: 2F 1-2: Ball 2-2: Foul Ball, location: 2F 2-2: Fly out, F9 (Flyball, 9)
|
Bottom of the 1st over - 0 run(s), 0 hit(s), 0 error(s), 0 left on base; Chula Vista 0 - Saskatoon 0 |
TOP OF THE 2ND |
Chula Vista Tacos batting - Pitching for Saskatoon Smokin' Guns : RHP Arthur Kemp
|
Batting: LHB Steven Smith
|
0-0: Called Strike 0-1: Ball 1-1: Called Strike 1-2: Foul Ball, location: 2F 1-2: Ball 2-2: Strikes out swinging
|
Batting: LHB Nick Hill
|
0-0: Foul Ball, location: 2F 0-1: Called Strike 0-2: Foul Ball, location: 2F 0-2: Strikes out swinging
|
Batting: LHB Roderick Delgado
|
0-0: Ball 1-0: Ball 2-0: Ball 3-0: Base on Balls
|
Batting: RHB Domynguos Tabucchi
|
0-0: Called Strike 0-1: Ball 1-1: SINGLE (Flyball, 8LS) Roderick Delgado to second Runner from 2nd tries for 3rd, SAFE, throw made to third Domynguos Tabucchi to second
|
Batting: RHB Jake Lawrence
|
0-0: SINGLE (Groundball, 56D) Roderick Delgado scores Domynguos Tabucchi to third Runner from 3rd tries for Home, SAFE, no throw
|
Batting: RHB Júlio García
|
0-0: Ball Jake Lawrence steals 2nd base 1-0: Called Strike 1-1: Ball 2-1: Foul Ball, location: 2F 2-2: Ball 3-2: Base on Balls
|
Batting: RHB Matt O'Rourke
|
0-0: Foul Ball, location: 2F 0-1: Ball 1-1: Swinging Strike 1-2: Ball 2-2: Strikes out looking
|
Top of the 2nd over - 2 run(s), 2 hit(s), 0 error(s), 2 left on base; Chula Vista 2 - Saskatoon 0 |
BOTTOM OF THE 2ND |
Saskatoon Smokin' Guns batting - Pitching for Chula Vista Tacos : RHP Tony Fullerton
|
Batting: LHB José Domínguez
|
0-0: Foul Ball, location: 2F 0-1: Ball 1-1: Ball 2-1: DOUBLE (Flyball, 7LM)
|
Batting: RHB Joaquín Luna
|
0-0: Foul Ball, location: 2F 0-1: Ball 1-1: Ball 2-1: Ball 3-1: Called Strike 3-2: Foul Ball, location: 2F 3-2: Strikes out swinging
|
Batting: LHB Rubén Salazar
|
0-0: Ball 1-0: Ball 2-0: Fly out, F8 (Flyball, 8RS)
|
Batting: RHB Henry Jackson
|
0-0: Called Strike 0-1: Ball 1-1: Called Strike 1-2: Foul Ball, location: 2F 1-2: Ball 2-2: SINGLE (Flyball, 89S) José Domínguez to third
|
Batting: RHB Johnny Hawson
|
0-0: Ball 1-0: Ball 2-0: Called Strike 2-1: Ball 3-1: Base on Balls Henry Jackson to second
|
Batting: RHB Artie Turner
|
0-0: Fly out, F5 (Line Drive, 5S)
|
Bottom of the 2nd over - 0 run(s), 2 hit(s), 0 error(s), 3 left on base; Chula Vista 2 - Saskatoon 0 |
TOP OF THE 3RD |
Chula Vista Tacos batting - Pitching for Saskatoon Smokin' Guns : RHP Arthur Kemp
|
Batting: RHB Ron Garrett
|
0-0: Called Strike 0-1: Called Strike 0-2: Ground out 6-3 (Groundball, 6)
|
Batting: RHB Jake Reeves
|
0-0: Ball 1-0: Ball 2-0: Ball 3-0: Base on Balls
|
Batting: LHB Steven Smith
|
0-0: Ball Jake Reeves steals 2nd base 1-0: Ball 2-0: Ground out U3 (Groundball, 34) Jake Reeves to third
|
Batting: LHB Nick Hill
|
0-0: Ball 1-0: Foul Ball, location: 2F 1-1: Ball 2-1: Called Strike 2-2: Ball 3-2: Base on Balls
|
Batting: LHB Roderick Delgado
|
0-0: Swinging Strike 0-1: Called Strike 0-2: Strikes out swinging
|
Top of the 3rd over - 0 run(s), 0 hit(s), 0 error(s), 2 left on base; Chula Vista 2 - Saskatoon 0 |
BOTTOM OF THE 3RD |
Saskatoon Smokin' Guns batting - Pitching for Chula Vista Tacos : RHP Tony Fullerton
|
Batting: RHB Pedro Cabrera
|
0-0: SINGLE (Line Drive, 56D)
|
Batting: RHB Julián García
|
0-0: Foul Ball, location: 2F 0-1: Fly out, F6 (Popup, 6)
|
Batting: LHB Bo Rush
|
0-0: Called Strike Pedro Cabrera steals 2nd base 0-1: Ball 1-1: Fly out, F7 (Line Drive, 7)
|
Batting: LHB José Domínguez
|
0-0: Called Strike 0-1: SINGLE (Groundball, 6M) (infield hit) Pedro Cabrera to third
|
Batting: RHB Joaquín Luna
|
0-0: Ball 1-0: Ball 2-0: Ground out 1-3 (Groundball, 13)
|
Bottom of the 3rd over - 0 run(s), 2 hit(s), 0 error(s), 2 left on base; Chula Vista 2 - Saskatoon 0 |
TOP OF THE 4TH |
Chula Vista Tacos batting - Pitching for Saskatoon Smokin' Guns : RHP Arthur Kemp
|
Batting: RHB Domynguos Tabucchi
|
0-0: Ball 1-0: Hit by Pitch
|
Batting: RHB Jake Lawrence
|
0-0: Ball 1-0: Ball 2-0: Called Strike 2-1: Ball Wild Pitch! Domynguos Tabucchi to second 3-1: Ground out 5-3 (Groundball, 56)
|
Batting: RHB Júlio García
|
0-0: Ball 1-0: Foul Ball, location: 2F 1-1: Swinging Strike 1-2: Foul Ball, location: 2F 1-2: Ball 2-2: Foul Ball, location: 2F 2-2: Strikes out swinging
|
Batting: RHB Matt O'Rourke
|
0-0: Ball 1-0: Swinging Strike 1-1: Swinging Strike 1-2: Foul Ball, location: 2F 1-2: Strikes out swinging
|
Top of the 4th over - 0 run(s), 0 hit(s), 0 error(s), 1 left on base; Chula Vista 2 - Saskatoon 0 |
BOTTOM OF THE 4TH |
Saskatoon Smokin' Guns batting - Pitching for Chula Vista Tacos : RHP Tony Fullerton
|
Batting: LHB Rubén Salazar
|
0-0: Swinging Strike 0-1: Ball 1-1: Called Strike 1-2: Strikes out swinging
|
Batting: RHB Henry Jackson
|
0-0: SINGLE (Groundball, 6D)
|
Batting: RHB Johnny Hawson
|
0-0: Called Strike 0-1: Ball 1-1: Ball 2-1: Foul Ball, location: 2F 2-2: Fly out, F8 (Line Drive, 8LM)
|
Batting: RHB Artie Turner
|
0-0: Swinging Strike 0-1: Ball 1-1: Foul Ball, location: 2F 1-2: Ground out 5-3 (Groundball, 56S)
|
Bottom of the 4th over - 0 run(s), 1 hit(s), 0 error(s), 1 left on base; Chula Vista 2 - Saskatoon 0 |
TOP OF THE 5TH |
Chula Vista Tacos batting - Pitching for Saskatoon Smokin' Guns : RHP Arthur Kemp
|
Batting: RHB Ron Garrett
|
0-0: Called Strike 0-1: Ball 1-1: Called Strike 1-2: Ground out 6-3 (Groundball, 6)
|
Batting: RHB Jake Reeves
|
0-0: Foul Ball, location: 2F 0-1: Fly out, F6 (Popup, 56D)
|
Batting: LHB Steven Smith
|
0-0: Ball 1-0: Foul Ball, location: 2F 1-1: Ball 2-1: Called Strike 2-2: Foul Ball, location: 2F 2-2: Foul Ball, location: 2F 2-2: Ball 3-2: DOUBLE (Flyball, 7D)
|
Pitching: RHP Luis Mejía
|
|
Batting: LHB Nick Hill
|
0-0: Ball 1-0: Foul Ball, location: 2F 1-1: Foul Ball, location: 2F 1-2: Foul Ball, location: 2F 1-2: Strikes out swinging
|
Top of the 5th over - 0 run(s), 1 hit(s), 0 error(s), 1 left on base; Chula Vista 2 - Saskatoon 0 |
BOTTOM OF THE 5TH |
Saskatoon Smokin' Guns batting - Pitching for Chula Vista Tacos : RHP Tony Fullerton
|
Batting: RHB Pedro Cabrera
|
0-0: Called Strike 0-1: Foul Ball, location: 2F 0-2: Foul Ball, location: 2F 0-2: Ball 1-2: Strikes out swinging
|
Batting: RHB Julián García
|
0-0: Swinging Strike 0-1: Ball 1-1: Called Strike 1-2: Ball 2-2: Foul Ball, location: 2F 2-2: Strikes out swinging
|
Batting: LHB Bo Rush
|
0-0: Called Strike 0-1: Fly out, F7 (Line Drive, 7S)
|
Bottom of the 5th over - 0 run(s), 0 hit(s), 0 error(s), 0 left on base; Chula Vista 2 - Saskatoon 0 |
TOP OF THE 6TH |
Chula Vista Tacos batting - Pitching for Saskatoon Smokin' Guns : RHP Luis Mejía
|
Batting: LHB Roderick Delgado
|
0-0: Swinging Strike 0-1: Ball 1-1: Swinging Strike 1-2: Ball 2-2: Ball 3-2: Strikes out swinging
|
Batting: RHB Domynguos Tabucchi
|
0-0: Ball 1-0: Fly out, F7 (Flyball, 7)
|
Batting: RHB Jake Lawrence
|
0-0: Fly out, F8 (Flyball, 78XD)
|
Top of the 6th over - 0 run(s), 0 hit(s), 0 error(s), 0 left on base; Chula Vista 2 - Saskatoon 0 |
BOTTOM OF THE 6TH |
Saskatoon Smokin' Guns batting - Pitching for Chula Vista Tacos : RHP Tony Fullerton
|
Batting: LHB José Domínguez
|
0-0: Ball 1-0: Ball 2-0: DOUBLE (Line Drive, 9LM)
|
Batting: RHB Joaquín Luna
|
0-0: Fly out, F9 (Flyball, 9)
|
Batting: LHB Rubén Salazar
|
0-0: SINGLE (Groundball, 4D) José Domínguez to third
|
Batting: RHB Henry Jackson
|
0-0: Ground out 6-3 (Groundball, 6S) José Domínguez scores Rubén Salazar to second
|
Batting: RHB Johnny Hawson
|
0-0: Called Strike 0-1: Foul Ball, location: 2F 0-2: Foul Ball, location: 2F 0-2: Ball 1-2: Ball 2-2: Foul Ball, location: 2F 2-2: Strikes out swinging
|
Bottom of the 6th over - 1 run(s), 2 hit(s), 0 error(s), 1 left on base; Chula Vista 2 - Saskatoon 1 |
TOP OF THE 7TH |
Chula Vista Tacos batting - Pitching for Saskatoon Smokin' Guns : RHP Luis Mejía
|
Batting: RHB Júlio García
|
0-0: Called Strike 0-1: Swinging Strike 0-2: Ball 1-2: Ball 2-2: Ball 3-2: Base on Balls
|
Batting: RHB Matt O'Rourke
|
0-0: Bunted foul 0-1: Sac Bunt - play at first, batter OUT! 1-4 Júlio García to second
|
Batting: RHB Ron Garrett
|
0-0: Fly out, F8 (Flyball, 8LM)
|
Batting: RHB Jake Reeves
|
0-0: Ball 1-0: Ball Wild Pitch! Júlio García to third 2-0: Ball 3-0: Base on Balls
|
Batting: LHB Steven Smith
|
0-0: Called Strike 0-1: Swinging Strike 0-2: Ball 1-2: Strikes out looking
|
Top of the 7th over - 0 run(s), 0 hit(s), 0 error(s), 2 left on base; Chula Vista 2 - Saskatoon 1 |
BOTTOM OF THE 7TH |
Saskatoon Smokin' Guns batting - Pitching for Chula Vista Tacos : RHP Tony Fullerton
|
Pitching: RHP Pat Hanna
|
|
Batting: RHB Artie Turner
|
0-0: Called Strike 0-1: Ball 1-1: SINGLE (Line Drive, 8LS)
|
Batting: RHB Pedro Cabrera
|
0-0: Bunted foul 0-1: Sac Bunt - play at first, batter OUT! 1-4 Artie Turner to second
|
Pinch Hitting: RHB Justin Geoghegan
|
0-0: Foul Ball, location: 2F 0-1: Ball 1-1: Called Strike 1-2: Foul Ball, location: 2F 1-2: Foul Ball, location: 2F 1-2: Foul Ball, location: 2F 1-2: Ball 2-2: Foul Ball, location: 2F 2-2: DOUBLE (Line Drive, 89D) Artie Turner scores
|
Batting: LHB Bo Rush
|
0-0: Intentional Walk
|
Batting: LHB José Domínguez
|
0-0: Hit by Pitch Justin Geoghegan to third Bo Rush to second
|
Batting: RHB Joaquín Luna
|
0-0: Swinging Strike 0-1: Grounds into fielders choice 4-2 (Groundball, 4) Bo Rush to third José Domínguez to second
|
Batting: LHB Rubén Salazar
|
0-0: Swinging Strike 0-1: Swinging Strike 0-2: Ball 1-2: Strikes out swinging
|
Bottom of the 7th over - 1 run(s), 2 hit(s), 0 error(s), 3 left on base; Chula Vista 2 - Saskatoon 2 |
TOP OF THE 8TH |
Chula Vista Tacos batting - Pitching for Saskatoon Smokin' Guns : RHP Luis Mejía
|
Now at 3B: Justin Geoghegan
|
|
Batting: LHB Nick Hill
|
0-0: Ball 1-0: Called Strike 1-1: Foul Ball, location: 2F 1-2: Foul Ball, location: 2F 1-2: Ball 2-2: SINGLE (Groundball, 56D)
|
Pinch Hitting: LHB Dave Reynolds
|
0-0: Fly out, F6 (Line Drive, 6M)
|
Pinch Hitting: RHB Juan Morales
|
0-0: Ball 1-0: Ball 2-0: Foul Ball, location: 2F 2-1: Swinging Strike 2-2: Ball 3-2: Ground out 5-3 (Groundball, 56S) Nick Hill to second
|
Batting: RHB Jake Lawrence
|
0-0: Foul Ball, location: 2F 0-1: Called Strike 0-2: Foul Ball, location: 2F 0-2: Ball 1-2: Ball 2-2: Ball 3-2: Foul Ball, location: 2F 3-2: Base on Balls
|
Pinch Hitting: SHB Tony Varela
|
0-0: Ball 1-0: Ball 2-0: Ball 3-0: Called Strike 3-1: Foul Ball, location: 2F 3-2: Strikes out looking
|
Top of the 8th over - 0 run(s), 1 hit(s), 0 error(s), 2 left on base; Chula Vista 2 - Saskatoon 2 |
BOTTOM OF THE 8TH |
Saskatoon Smokin' Guns batting - Pitching for Chula Vista Tacos : RHP Pat Hanna
|
Now at 2B: Tony Varela
|
|
Now in LF: Juan Morales
|
|
Now in CF: Dave Reynolds
|
|
Pinch Hitting: RHB Brendon Little
|
0-0: Ball 1-0: Ball 2-0: Called Strike 2-1: Ball 3-1: Base on Balls
|
Batting: RHB Johnny Hawson
|
0-0: Sac Bunt - play at first, batter OUT! 1-4 Brendon Little to second
|
Batting: RHB Artie Turner
|
0-0: Reached on error, E6 (Groundball, 6) Brendon Little to third
|
Batting: RHB Pedro Cabrera
|
0-0: Ball 1-0: Ball 2-0: Ball 3-0: Called Strike 3-1: Fly out, F1 (Line Drive, 15)
|
Batting: RHB Justin Geoghegan
|
0-0: Ball 1-0: Ball Pickoff Throw to First - Out!
|
Bottom of the 8th over - 0 run(s), 0 hit(s), 1 error(s), 0 left on base; Chula Vista 2 - Saskatoon 2 |
TOP OF THE 9TH |
Chula Vista Tacos batting - Pitching for Saskatoon Smokin' Guns : RHP Luis Mejía
|
Pitching: LHP Pedro González
|
|
Now in CF: Brendon Little
|
|
Batting: RHB Matt O'Rourke
|
0-0: Swinging Strike 0-1: Swinging Strike 0-2: Foul Ball, location: 2F 0-2: Ball 1-2: Ball 2-2: Foul Ball, location: 2F 2-2: Strikes out swinging
|
Batting: RHB Ron Garrett
|
0-0: Ball 1-0: Ball 2-0: Ball 3-0: Called Strike 3-1: Foul Ball, location: 2F 3-2: Fly out, F8 (Flyball, 78M)
|
Batting: RHB Jake Reeves
|
0-0: Ball 1-0: Fly out, F7 (Line Drive, 7LD)
|
Top of the 9th over - 0 run(s), 0 hit(s), 0 error(s), 0 left on base; Chula Vista 2 - Saskatoon 2 |
BOTTOM OF THE 9TH |
Saskatoon Smokin' Guns batting - Pitching for Chula Vista Tacos : RHP Pat Hanna
|
Pitching: RHP Javier García
|
|
Batting: RHB Justin Geoghegan
|
0-0: Swinging Strike 0-1: Foul Ball, location: 2F 0-2: Ball 1-2: Ball 2-2: Fly out, F8 (Flyball, 8LM)
|
Batting: LHB Bo Rush
|
0-0: Ball 1-0: Ball 2-0: Ball 3-0: Base on Balls
|
Pinch Runner at 1st Rafael Gonzáles:
|
|
Batting: LHB José Domínguez
|
0-0: Ball 1-0: Swinging Strike 1-1: Foul Ball, location: 2F 1-2: Fly out, F7 (Flyball, 7)
|
Batting: RHB Joaquín Luna
|
0-0: Ball Rafael Gonzáles steals 2nd base 1-0: Swinging Strike 1-1: Ball 2-1: Ball 3-1: Base on Balls
|
Batting: LHB Rubén Salazar
|
0-0: Ball 1-0: Swinging Strike 1-1: Foul Ball, location: 2F 1-2: Ball 2-2: Ground out 1-3 (Groundball, 13S)
|
Bottom of the 9th over - 0 run(s), 0 hit(s), 0 error(s), 2 left on base; Chula Vista 2 - Saskatoon 2 |
TOP OF THE 10TH |
Chula Vista Tacos batting - Pitching for Saskatoon Smokin' Guns : LHP Pedro González
|
Now at 1B: Rafael Gonzáles
|
|
Batting: LHB Steven Smith
|
0-0: Ball 1-0: Ball 2-0: Called Strike 2-1: Foul Ball, location: 2F 2-2: Ground out 6-3 (Groundball, 6)
|
Pinch Hitting: RHB Nate Atkinson
|
0-0: Ball 1-0: Called Strike 1-1: Ball 2-1: Ball 3-1: Called Strike 3-2: Strikes out swinging
|
Batting: LHB Dave Reynolds
|
0-0: Ball 1-0: Ball 2-0: Called Strike 2-1: Swinging Strike 2-2: Foul Ball, location: 2F 2-2: Ball 3-2: Foul Ball, location: 2F 3-2: Strikes out swinging
|
Top of the 10th over - 0 run(s), 0 hit(s), 0 error(s), 0 left on base; Chula Vista 2 - Saskatoon 2 |
BOTTOM OF THE 10TH |
Saskatoon Smokin' Guns batting - Pitching for Chula Vista Tacos : RHP Javier García
|
Now at C: Nate Atkinson
|
|
Batting: RHB Brendon Little
|
0-0: Fly out, F9 (Flyball, 9)
|
Batting: RHB Johnny Hawson
|
0-0: Called Strike 0-1: Foul Ball, location: 2F 0-2: Ball 1-2: Strikes out swinging
|
Pinch Hitting: RHB Ismael Ortíz
|
0-0: Called Strike 0-1: Ball 1-1: Ball 2-1: Called Strike 2-2: Ball 3-2: Foul Ball, location: 2F 3-2: Foul Ball, location: 2F 3-2: Base on Balls
|
Batting: RHB Pedro Cabrera
|
0-0: Called Strike 0-1: Foul Ball, location: 2F 0-2: Ball 1-2: Foul Ball, location: 2F 1-2: Strikes out swinging
|
Bottom of the 10th over - 0 run(s), 0 hit(s), 0 error(s), 1 left on base; Chula Vista 2 - Saskatoon 2 |
TOP OF THE 11TH |
Chula Vista Tacos batting - Pitching for Saskatoon Smokin' Guns : LHP Pedro González
|
Pitching: RHP Luis Costa
|
|
Now at C: Ismael Ortíz
|
|
Batting: RHB Juan Morales
|
0-0: Ground out 6-3 (Groundball, 6)
|
Batting: RHB Jake Lawrence
|
0-0: Foul Ball, location: 2F 0-1: Called Strike 0-2: Ball 1-2: Ground out 6-3 (Groundball, 6)
|
Batting: SHB Tony Varela
|
0-0: Called Strike 0-1: Foul Ball, location: 2F 0-2: Ball 1-2: Strikes out swinging
|
Top of the 11th over - 0 run(s), 0 hit(s), 0 error(s), 0 left on base; Chula Vista 2 - Saskatoon 2 |
BOTTOM OF THE 11TH |
Saskatoon Smokin' Guns batting - Pitching for Chula Vista Tacos : RHP Javier García
|
Batting: RHB Justin Geoghegan
|
0-0: Ball 1-0: Called Strike 1-1: Called Strike 1-2: Strikes out swinging
|
Pinch Hitting: RHB Joe Wiggs
|
0-0: Ball 1-0: Ball 2-0: Fly out, F8 (Flyball, 89XD)
|
Batting: LHB José Domínguez
|
0-0: Fly out, F8 (Flyball, 8LM)
|
Bottom of the 11th over - 0 run(s), 0 hit(s), 0 error(s), 0 left on base; Chula Vista 2 - Saskatoon 2 |
TOP OF THE 12TH |
Chula Vista Tacos batting - Pitching for Saskatoon Smokin' Guns : RHP Luis Costa
|
Now at 1B: Robbie Jenkins
|
|
Batting: RHB Matt O'Rourke
|
0-0: Called Strike 0-1: Called Strike 0-2: Foul Ball, location: 2F 0-2: SINGLE (Line Drive, 7S)
|
Batting: RHB Ron Garrett
|
0-0: Ball 1-0: Ground out 5-3 (Groundball, 5S) Matt O'Rourke to second
|
Batting: RHB Jake Reeves
|
0-0: Intentional Walk
|
Batting: LHB Steven Smith
|
0-0: Ball Matt O'Rourke is caught stealing 3rd base Jake Reeves to second 1-0: Called Strike 1-1: Foul Ball, location: 2F 1-2: Ball 2-2: Foul Ball, location: 2F 2-2: Fly out, F8 (Flyball, 8RXD)
|
Top of the 12th over - 0 run(s), 1 hit(s), 0 error(s), 1 left on base; Chula Vista 2 - Saskatoon 2 |
BOTTOM OF THE 12TH |
Saskatoon Smokin' Guns batting - Pitching for Chula Vista Tacos : RHP Javier García
|
Batting: RHB Joaquín Luna
|
0-0: Ground out 5-3 (Groundball, 56)
|
Batting: LHB Rubén Salazar
|
0-0: SINGLE (Line Drive, 6M)
|
Batting: RHB Brendon Little
|
0-0: Ball 1-0: Foul Ball, location: 2F 1-1: Called Strike 1-2: Foul Ball, location: 2F 1-2: Reached on error, E5 (Groundball, 5S) Rubén Salazar to second
|
Pitching: LHP Doug Ledoux
|
|
Batting: RHB Johnny Hawson
|
0-0: Called Strike 0-1: Fly out, F6 (Popup, 6D)
|
Batting: RHB Ismael Ortíz
|
0-0: Ball 1-0: Foul Ball, location: 2F 1-1: Foul Ball, location: 2F 1-2: Ball 2-2: Fly out, F4 (Line Drive, 4)
|
Bottom of the 12th over - 0 run(s), 1 hit(s), 1 error(s), 2 left on base; Chula Vista 2 - Saskatoon 2 |
TOP OF THE 13TH |
Chula Vista Tacos batting - Pitching for Saskatoon Smokin' Guns : RHP Luis Costa
|
Pinch Hitting: LHB Esteban Zamora
|
0-0: Called Strike 0-1: Called Strike 0-2: Ball 1-2: Ball 2-2: SINGLE (Groundball, 34D)
|
Pinch Runner at 1st Preston Wooten:
|
|
Batting: LHB Dave Reynolds
|
0-0: Ball 1-0: Bunt missed! 1-1: Bunted foul 1-2: Reached on error, E1 (Groundball, 13) Preston Wooten to second
|
Batting: RHB Juan Morales
|
0-0: Bunted foul 0-1: Sac Bunt - play at first, batter OUT! 2-4 Preston Wooten to third Dave Reynolds to second
|
Batting: RHB Jake Lawrence
|
0-0: Ball 1-0: Fly out, F7 (Flyball, 7) Runner from 3rd tags up, SCORES, no throw
|
Batting: SHB Tony Varela
|
0-0: Called Strike 0-1: Swinging Strike 0-2: Ball 1-2: Ball 2-2: Fly out, F8 (Line Drive, 8RM)
|
Top of the 13th over - 1 run(s), 1 hit(s), 1 error(s), 1 left on base; Chula Vista 3 - Saskatoon 2 |
BOTTOM OF THE 13TH |
Saskatoon Smokin' Guns batting - Pitching for Chula Vista Tacos : LHP Doug Ledoux
|
Now at C: Manuel Martínez
|
|
Batting: RHB Pedro Cabrera
|
0-0: Ball 1-0: Called Strike 1-1: Ball 2-1: Foul Ball, location: 2F 2-2: Ball 3-2: Strikes out looking
|
Batting: RHB Justin Geoghegan
|
0-0: Ball 1-0: Ball 2-0: Ball 3-0: Base on Balls
|
Batting: RHB Robbie Jenkins
|
0-0: Foul Ball, location: 2F 0-1: Ball 1-1: DOUBLE (Flyball, 7LM) Justin Geoghegan to third Runner from 3rd tries for Home, SAFE, throw made home
|
Batting: LHB José Domínguez
|
0-0: Ground out 4-3 (Groundball, 4) Robbie Jenkins to third
|
Batting: RHB Joaquín Luna
|
0-0: Foul Ball, location: 2F 0-1: Swinging Strike 0-2: Ball 1-2: Strikes out looking
|
Bottom of the 13th over - 1 run(s), 1 hit(s), 0 error(s), 1 left on base; Chula Vista 3 - Saskatoon 3 |
TOP OF THE 14TH |
Chula Vista Tacos batting - Pitching for Saskatoon Smokin' Guns : RHP Luis Costa
|
Batting: RHB Matt O'Rourke
|
0-0: Called Strike 0-1: Hit by Pitch
|
Batting: RHB Ron Garrett
|
0-0: Ball 1-0: Called Strike Matt O'Rourke steals 2nd base 1-1: Called Strike 1-2: Strikes out swinging
|
Batting: RHB Jake Reeves
|
0-0: Intentional Walk
|
Batting: LHB Steven Smith
|
0-0: Called Strike 0-1: Swinging Strike 0-2: Ground out 3-1 (Groundball, 34S) Matt O'Rourke to third Jake Reeves to second
|
Batting: RHB Manuel Martínez
|
0-0: Called Strike 0-1: Ball 1-1: SINGLE (Line Drive, 56D) Matt O'Rourke scores Jake Reeves to third Runner from 3rd tries for Home, SAFE, no throw
|
Pitching: LHP Ernesto Pérez
|
|
Batting: LHB Dave Reynolds
|
0-0: Swinging Strike 0-1: Ball 1-1: Foul Ball, location: 2F 1-2: Ball 2-2: Foul Ball, location: 2F 2-2: Ball 3-2: Foul Ball, location: 2F 3-2: Strikes out swinging
|
Top of the 14th over - 2 run(s), 1 hit(s), 0 error(s), 1 left on base; Chula Vista 5 - Saskatoon 3 |
BOTTOM OF THE 14TH |
Saskatoon Smokin' Guns batting - Pitching for Chula Vista Tacos : LHP Doug Ledoux
|
Batting: LHB Rubén Salazar
|
0-0: Foul Ball, location: 2F 0-1: Foul Ball, location: 2F 0-2: Strikes out swinging
|
Pitching: RHP Gerald McClure
|
|
Batting: RHB Brendon Little
|
0-0: Fly out, F9 (Flyball, 9LS)
|
Batting: RHB Johnny Hawson
|
0-0: Ball 1-0: Foul Ball, location: 2F 1-1: Ball 2-1: Foul Ball, location: 2F 2-2: Fly out, F9 (Flyball, 9)
|
Bottom of the 14th over - 0 run(s), 0 hit(s), 0 error(s), 0 left on base; Chula Vista 5 - Saskatoon 3 |
|